 Dungeon Crawl Stone Soup version 0.30-a0-170-g85af917532 (webtiles) character file.

Game seed: 10253004028457244877

99952 Iusername the Warrior (level 15, -2/225 HPs)
             Began as a Minotaur Fighter on Sept 29, 2022.
             Was an Initiate of Gozag.
             Slain by Donald
             ... wielding a +2 demon trident of electrocution
              (19 damage)
             ... on level 2 of the Orcish Mines on Sept 30, 2022.
             The game lasted 00:58:31 (30915 turns).

Iusername the Warrior (Minotaur Fighter)           Turns: 30915, Time: 00:58:32

Health: -2/225     AC: 27    Str: 27    XL:     15   Next: 79%
Magic:  0/14       EV:  2    Int: 14    God:    Gozag
Gold:   361        SH: 10    Dex: 20    Spells: 14/14 levels left

rFire   + + .      SeeInvis .    a - +6 scimitar of the Baking Big Fish {flame, Fly Int-4 Dex+4}
rCold   + . .      Faith    .    c - +1 buckler
rNeg    + . .      Spirit   +    (body armour currently unavailable)
rPois   +          Reflect  .    (helmet currently unavailable)
rElec   +          Harm     .    (cloak currently unavailable)
rCorr   +          Rampage  .    (gloves currently unavailable)
Will    ++...      NoTele   +    (boots currently unavailable)
Stlth   ++++......               K - amulet of the Final Decision {Spirit Int+9 Dex+3}
HPRegen 0.47/turn                J - ring "Ziusidut" {Fire rElec rPois rN+ Will+}
MPRegen 0.14/turn                B - ring "Qynwol" {rC+ Int+4 Dex+2}

@: mighty, brilliant, tree-form (expiring), resistant, gold aura, on berserk
cooldown, hasted and slowed, studying Long Blades
A: stationary, stasis, torment immunity, boosted hp, (horns 2), (retaliatory
headbutt)
a: End Transformation, Renounce Religion, Potion Petition, Call Merchant, Bribe
Branch


You were on level 2 of the Orcish Mines.
You worshipped Gozag.
Gozag was aware of your devotion.
You were a tree.
You visited 4 branches of the dungeon, and saw 23 of its levels.

You collected 6843 gold pieces.
You spent 463 gold pieces at shops.
You paid 6019 gold pieces to Gozag.

Inventory:

Hand Weapons
 a - the +6 scimitar of the Baking Big Fish (weapon) {flame, Fly Int-4 Dex+4}
   (You bought it in a shop on level 8 of the Dungeon)

   It burns those it strikes, dealing additional fire damage.
   Big, fiery blades are also staple armaments of hydra-hunters.
   Int:       It affects your intelligence (-4).
   Dex:       It affects your dexterity (+4).
   Fly:       It grants you flight.
Missiles
 I - a throwing net
Armour
 c - a +1 buckler (worn)
 h - a +0 cloak (melded)
 q - a +1 hat (melded)
 s - a +1 pair of gloves (melded)
 y - the +10 plate armour of Exclusion (melded) {Rampage rPois SInv}
   (You found it on level 3 of the Dungeon)

   rPois:     It protects you from poison.
   SInv:      It lets you see invisible.
   Rampage:   It bestows one free step when moving towards enemies.
 z - a +0 pair of boots (melded)
Jewellery
 f - a ring of poison resistance
 B - the ring "Qynwol" (right branch) {rC+ Int+4 Dex+2}
   (You acquired it on level 1 of the Lair of Beasts)

   [ring of protection from cold]

   Int:       It affects your intelligence (+4).
   Dex:       It affects your dexterity (+2).
   rC:        It protects you from cold.
 D - a +6 ring of dexterity
 J - the ring "Ziusidut" (left branch) {Fire rElec rPois rN+ Will+}
   (You acquired it on level 1 of the Lair of Beasts)

   [ring of fire]

   It enhances your fire magic.
   rF:        It protects you from fire.
   rC:        It makes you vulnerable to cold.
   rElec:     It insulates you from electricity.
   rPois:     It protects you from poison.
   rN:        It protects you from negative energy.
   Will:      It increases your willpower.
 K - the amulet of the Final Decision (around neck) {Spirit Int+9 Dex+3}
   (You acquired it on level 1 of the Lair of Beasts)

   [amulet of guardian spirit]

   It causes incoming damage to be divided between your reserves of health and
   magic.
   Int:       It affects your intelligence (+9).
   Dex:       It affects your dexterity (+3).
 M - a ring of willpower
Wands
 b - a wand of flame (41)
 u - a wand of polymorph (8)
 v - a wand of paralysis (1)
 A - a wand of mindburst (1) (quivered)
 E - a wand of acid (26)
 L - a wand of iceblast (13)
Scrolls
 d - 9 scrolls of teleportation
 e - 4 scrolls of fear
 p - a scroll of vulnerability {unknown}
 r - 10 scrolls of identify
 t - a scroll of silence
 w - 6 scrolls of amnesia
 x - a scroll of brand weapon
 H - a scroll of butterflies {unknown}
Potions
 i - 3 potions of attraction
 j - 18 potions of curing
 k - 2 potions of mutation {unknown}
 l - 2 potions of haste
 m - 5 potions of brilliance
 o - a potion of lignification
 F - 2 potions of cancellation
 G - a potion of ambrosia
Miscellaneous
 g - a piece from Xom's chessboard (15/15)
 n - a phial of floods


   Skills:
 + Level 18.4 Fighting
 - Level 10.0 Long Blades
 + Level 5.3 Maces & Flails
 + Level 18.0 Armour
 + Level 5.7 Dodging
 + Level 6.0 Stealth
 + Level 17.2 Shields
 + Level 2.9 Evocations


You had 14 spell levels left.
You didn't know any spells.
Your spell library contained the following spells:

 Spells                   Type           Power      Damage    Failure   Level
 Foxfire                  Conj/Fire      0%         2x1d4     32%         1
 Blink                    Tloc           0%         N/A       43%         2
 Sublimation of Blood     Necr           0%         N/A       43%         2
 Wereblood                Tmut           0%         N/A       43%         2
 Cause Fear               Hex            0%         N/A       97%         4
 Flame Wave               Conj/Fire      0%         2d4       97%         4
 Manifold Assault         Tloc           0%         N/A       97%         4
 Petrify                  Tmut/Erth      0%         N/A       97%         4
 Fireball                 Conj/Fire      0%         3d3       100%        5
 Metabolic Englaciation   Hex/Ice        0%         N/A       100%        5
 Statue Form              Tmut/Erth      0%         N/A       100%        6
 Dragon Form              Tmut           0%         N/A       100%        7
 Storm Form               Tmut/Air       0%         N/A       100%        7
 Summon Hydra             Summ           0%         N/A       100%        7
 Dragon's Call            Summ           0%         N/A       100%        9


Dungeon Overview and Level Annotations

Branches:
Dungeon (15/15)            Temple (1/1) D:5            Lair (5/5) D:9
 Shoals (0/4) Lair:2       Spider (0/4) Lair:3        Slime (0/5) Lair:4
    Orc (2/2) D:9             Elf (0/3) Orc:2        Vaults (0/5) D:13
 Depths (0/4) D:15

Altars:
Ashenzari
Cheibriados
Dithmenos
Elyvilon
Fedhas
Gozag
Hepliaklqana
Kikubaaqudgha
Makhleb
Nemelex Xobeh
Okawaru
Qazlal
Ru
Sif Muna
Trog
Uskayaw
Vehumet
Wu Jian
Xom
Yredelemnul
Zin
The Shining One
Jiyva

Shops:
D:4 [   D:6 *   D:8 (   Lair:4 (

Annotations:
D:10 3 runed translucent doors, Adrian566's ghost, journeyman HOFi; Gibbon's ghost, journeyman MfSu; ImAmAmBug's ghost, journeyman MfWr; Iusername's ghost, novice MiFi; Ofeo's ghost, journeyman OpCj
D:13 2 transporters, Cexuq's ghost, journeyman GrFi
Orc:2 Donald


Innate Abilities, Weirdness & Mutations

You are a tree.
Your roots penetrate the ground, keeping you stationary.
You cannot be teleported.
You are immune to unholy pain and torment.
Your maximum health is greatly increased.
Your equipment is partially melded.
((You have a pair of horns on your head.))
((You reflexively headbutt those who attack you in melee.))


Message History

The orc warrior hits you from afar with a +2 glaive of protection.
* * * LOW HITPOINT WARNING * * *
Donald hits you from afar with a +2 demon trident of electrocution!!
* * * LOW HITPOINT WARNING * * *
[a] - 644 gold - haste, brilliance, resistance and might [b] - 377 gold - heal wounds and magic [c] - 560 gold - brilliance, magic, heal wounds and curing Purchase which effect?
You no longer have enough gold to petition Gozag for potion effects.
You feel clever all of a sudden. Magic courses through your body.
You feel much better.
You feel better.
Donald hits you from afar with a +2 demon trident of electrocution!!
* * * LOW HITPOINT WARNING * * *
The orc priest hits you but does no damage.
You block the orc's attack. The orc hits you but does no damage.
The orc warrior hits you from afar with a +2 glaive of protection.
* * * LOW HITPOINT WARNING * * *
Donald says, "That guy with the scythe is really mean."
You block Donald's attack.
You slash the orc! You burn the orc.
You kill the orc!
You hear some strange, mumbled words.
A puff of flame appears from out of thin air!
The puff of flame hits you. You resist.
* * * LOW HITPOINT WARNING * * *
The orc priest hits you but does no damage.
The orc hits you but does no damage.
The orc warrior hits you but does no damage.
Donald hits you from afar with a +2 demon trident of electrocution.
* * * LOW HITPOINT WARNING * * *
You slash the orc priest! You burn the orc priest.
The orc priest is almost dead.
Donald says, "If you give me all your gold, I promise I'll be your friend too."
Donald hits you from afar with a +2 demon trident of electrocution.
Something hits you but does no damage.
The orc priest hits you but does no damage.
You block the orc's attack. You block the orc warrior's attack.
Donald hits you from afar with a +2 demon trident of electrocution!!
You die...
Your body crumbles into a pile of gold.

#.....# #...8.+ #.....+
#...8.+ #.....#
#####.....##
...........#
###..#.##.## #
#o♣$.##..##########
#.o#o{..##...........
......@....########...#
...........## ##.## $
.....#......# ###
.............#
..##.#.###..... .o..
.....


You could see Donald (fast, strong), an orc warrior, an orc priest and an orc.

Vanquished Creatures
  Rupert (D:15)
  The ghost of Ceh Rif the Protected, an adept HuWn of Gozag (D:15)
  An emperor scorpion (D:15)
  A dire elephant (D:15)
  The ghost of NinjaNoafa the Nimble, a journeyman GnGl of Ignis (Lair:1)
  Harold (D:10)
  A vault guard (D:13)
  A rakshasa (D:14)
  3 hydras
  Erolcha (D:11)
  4 catoblepae (Lair:5)
  10 centaur warriors
  5 boulder beetles
  3 two-headed ogres
  22 death yaks
  2 tengu warriors
  An orc high priest (Orc:1)
  A skeletal warrior (D:12)
  2 necromancers (D:13)
  2 wizards
  4 orc knights
  A harpy (shapeshifter) (D:12)
  An orc sorcerer (Orc:1)
  A salamander (shapeshifter) (D:12)
  13 ugly things
  3 cyclopes (D:15)
  A salamander (D:15)
  A deep elf pyromancer (D:15)
  6 manticores
  Maurice (D:11)
  12 elephants
  4 black mambas (Lair:5)
  A guardian serpent (shapeshifter) (D:12)
  Maggie (D:8)
  3 gargoyles
  An unseen horror (D:13)
  A torpor snail (Lair:3)
  8 cane toads
  2 efreet
  5 rime drakes
  3 kobold demonologists
  2 freezing wraiths
  9 komodo dragons
  2 ice devils (D:12)
  A tengu conjurer (D:13)
  5 yaktaurs (D:15)
  3 trolls
  A meliai (D:12)
  3 polar bears
  A merfolk (D:15)
  21 blink frogs
  5 dream sheep (Lair:4)
  10 slime creatures
  The ghost of Girdio the Skirmisher, an amateur KoHu (D:4)
  2 centaur simulacra
  A shadow (D:11)
  4 wyverns
  A wraith (D:9)
  19 humans (D:13)
  62 yaks
  A basilisk (Lair:4)
  2 steam dragons
  4 vampire mosquitoes (D:15)
  2 wargs
  A redback (Lair:3)
  Edmund (D:5)
  13 water moccasins
  Duvessa (D:4)
  12 orc warriors
  2 sky beasts
  An ice beast (D:6)
  4 ogres
  5 black bears
  20 centaurs
  5 wolves (Lair:5)
  2 phantoms (D:5)
  10 bullfrogs
  A kobold brigand (D:13)
  Blork the orc (D:5)
  4 gnoll sergeants
  2 necrophages (D:4)
  6 scorpions
  11 wights
  Dowan (D:4)
  3 killer bees (D:9)
  9 howler monkeys
  2 electric eels
  A jelly (D:6)
  2 gnoll boudas
  7 orc priests
  Crazy Yiuf (D:5)
  2 hounds
  Jessica (D:3)
  Terence (D:3)
  2 iguanas
  14 orc wizards
  Robin (D:2)
  30 gnolls
  6 adders
  2 ufetubi
  2 dart slugs (D:4)
  48 orcs
  7 ball pythons
  3 bats
  An endoplasm (D:1)
  4 giant cockroaches
  9 goblins
  12 hobgoblins
  7 jackals (D:4)
  13 kobolds
  9 quokkas
  A frilled lizard (D:3)
  4 rats
606 creatures vanquished.

Vanquished Creatures (others)
  A wizard (D:13)
  An orc wizard (D:4)
  52 fungi
  70 plants
124 creatures vanquished.

Grand Total: 730 creatures vanquished

Notes
Turn   | Place    | Note
-------+----------+-------------------------------------------
     0 | D:1      | Iusername the Minotaur Fighter began the quest for the Orb.
     0 | D:1      | Reached XP level 1. HP: 19/19 MP: 0/0
    73 | D:1      | Reached XP level 2. HP: 22/27 MP: 1/1
  1256 | D:2      | Reached XP level 3. HP: 33/33 MP: 2/2
  1290 | D:2      | Found a faded altar of an unknown god.
  1844 | D:2      | Noticed Robin
  1855 | D:2      | Killed Robin
  1856 | D:2      | Reached XP level 4. HP: 39/40 MP: 3/3
  2139 | D:3      | You fall into a shaft and drop 2 floors!
  2139 | D:5      | Entered Level 5 of the Dungeon
  2203 | D:4      | Noticed a black bear
  2213 | D:4      | Killed a black bear
  2214 | D:4      | Reached skill level 1 in Dodging
  2214 | D:4      | Reached XP level 5. HP: 27/46 MP: 4/4
  2588 | D:4      | Found Izosmiesch's Armour Emporium.
  2618 | D:4      | Reached skill level 5 in Armour
  2762 | D:3      | Noticed Jessica
  2769 | D:3      | Killed Jessica
  2770 | D:3      | Reached XP level 6. HP: 36/53 MP: 5/5
  3063 | D:3      | Paralysed by a hobgoblin for 2 turns
  3259 | D:3      | Noticed Terence
  3274 | D:3      | Killed Terence
  3589 | D:3      | Identified the +10 plate armour of Exclusion {Rampage rPois
                  | SInv}
  3840 | D:4      | Noticed Dowan
  3857 | D:4      | Killed Dowan
  3858 | D:4      | Reached skill level 5 in Long Blades
  3869 | D:4      | Noticed Duvessa
  3889 | D:4      | Killed Duvessa
  4351 | D:4      | Reached XP level 7. HP: 57/60 MP: 6/6
  4418 | D:4      | Found a runed translucent door.
  4418 | D:4      | Noticed Girdio's ghost (amateur KoHu)
  4464 | D:4      | Reached skill level 5 in Fighting
  4486 | D:4      | Killed Girdio's ghost
  4487 | D:4      | Reached skill level 1 in Stealth
  4901 | D:5      | Reached skill level 5 in Shields
  4901 | D:5      | Noticed Blork the orc
  4907 | D:5      | Reached XP level 8. HP: 37/70 MP: 7/7
  5316 | D:5      | Killed Blork the orc
  5590 | D:5      | Noticed Edmund
  5609 | D:5      | Killed Edmund
  6152 | D:5      | Found a runed translucent door.
  6153 | D:5      | Noticed Crazy Yiuf
  6183 | D:5      | Found an ornate altar of the Wu Jian Council.
  6186 | D:5      | Found a hazy altar of Hepliaklqana.
  6189 | D:5      | Found a radiant altar of Vehumet.
  6192 | D:5      | Found a stormy altar of Qazlal.
  6217 | D:5      | Found a staircase to the Ecumenical Temple.
  6287 | Temple   | Entered the Ecumenical Temple
  6287 | Temple   | Found a transporter.
  6287 | Temple   | Found a transporter.
  6289 | Temple   | Found a transporter.
  6289 | Temple   | Found a transporter.
  6330 | Temple   | Became a worshipper of Gozag Ym Sagoz the Greedy
  6687 | D:5      | Killed Crazy Yiuf
  6882 | D:6      | Reached XP level 9. HP: 78/78 MP: 8/8
  6936 | D:6      | Noticed a two-headed ogre
  6945 | D:6      | Killed a two-headed ogre
  6946 | D:6      | Reached skill level 10 in Long Blades
  7367 | D:6      | Identified the +7 whip of the Charming Gods {freeze, rElec
                  | rPois Str+3 Stlth-}
  7799 | D:6      | Found Inaj's General Store.
  8333 | D:7      | Reached skill level 1 in Maces & Flails
  8333 | D:7      | Reached XP level 10. HP: 87/90 MP: 9/9
  8488 | D:8      | Noticed a centaur warrior
  8508 | D:8      | Killed a centaur warrior
  8519 | D:8      | Reached skill level 10 in Armour
  8889 | D:8      | Noticed Maggie
  8908 | D:8      | Killed Maggie
  9194 | D:8      | Bought the +6 scimitar of the Baking Big Fish {flame, Fly
                  | Int-4 Dex+4} for 463 gold pieces
  9221 | D:9      | Found a staircase to the Lair.
  9260 | D:9      | Reached skill level 5 in Maces & Flails
  9266 | D:9      | Noticed a two-headed ogre
  9277 | D:9      | Killed a two-headed ogre
  9278 | D:9      | Reached skill level 10 in Fighting
  9297 | D:9      | Identified the +3 flail of Purpose {flame, Int+2}
  9362 | D:9      | Upgraded the game from 0.30-a0-168-g0b976cbdc4 to
                  | 0.30-a0-170-g85af917532
  9365 | D:9      | Reached XP level 11. HP: 90/100 MP: 10/10
  9453 | D:9      | Found a staircase to the Orcish Mines.
  9901 | D:10     | Entered Level 10 of the Dungeon
 10090 | D:10     | Found a blossoming altar of Fedhas.
 10146 | D:10     | Noticed a green ugly thing
 10156 | D:10     | Killed a green ugly thing
 10251 | D:10     | Noticed Harold
 10262 | D:10     | Killed Harold
 10263 | D:10     | Reached skill level 1 in Evocations
 10341 | D:10     | Found a runed translucent gate.
 10341 | D:10     | Found a runed translucent gate.
 10341 | D:10     | Found a runed translucent gate.
 10341 | D:10     | Noticed ImAmAmBug's ghost (journeyman MfWr)
 10341 | D:10     | Noticed Ofeo's ghost (journeyman OpCj)
 10341 | D:10     | Noticed Gibbon's ghost (journeyman MfSu)
 10342 | D:10     | Noticed Adrian566's ghost (journeyman HOFi)
 10342 | D:10     | Noticed Iusername's ghost (novice MiFi)
 11162 | D:11     | Noticed Maurice
 11171 | D:11     | Killed Maurice
 11187 | D:11     | Noticed a soul eater
 11192 | D:11     | Reached skill level 10 in Shields
 11353 | D:11     | Noticed Erolcha
 11357 | D:11     | Noticed a boulder beetle
 11359 | D:11     | Killed Erolcha
 11385 | D:11     | Killed a boulder beetle
 12514 | Lair:1   | Entered Level 1 of the Lair of Beasts
 12708 | Lair:1   | Identified 3 scrolls of acquirement
 12708 | Lair:1   | Acquired the ring "Qynwol" {rC+ Int+4 Dex+2}
 12710 | Lair:1   | Acquired the ring "Ziusidut" {Fire rElec rPois rN+ Will+}
 12712 | Lair:1   | Acquired the amulet of the Final Decision {Spirit Int+9
                  | Dex+3}
 12902 | Lair:1   | Found a runed translucent door.
 12907 | Lair:1   | Noticed NinjaNoafa's ghost (journeyman GnGl)
 13522 | Lair:2   | Reached XP level 12. HP: 96/112 MP: 8/11
 13873 | Lair:2   | Found a staircase to the Shoals.
 14752 | Lair:2   | You are sucked into a shaft and drop 2 floors!
 15937 | Lair:3   | Found a shadowy altar of Dithmenos.
 16017 | Lair:3   | Found a hole to the Spider Nest.
 16659 | Lair:4   | Noticed a death yak
 16659 | Lair:4   | Noticed a death yak
 16660 | Lair:4   | Noticed a death yak
 16660 | Lair:4   | Noticed a death yak
 16660 | Lair:4   | Noticed a death yak
 16664 | Lair:4   | Noticed a death yak
 16669 | Lair:4   | Killed a death yak
 16670 | Lair:4   | Reached XP level 13. HP: 121/123 MP: 12/12
 17402 | Lair:4   | Reached skill level 15 in Armour
 17980 | Lair:4   | Found a viscous altar of Jiyva.
 17980 | Lair:4   | Found a staircase to the Slime Pits.
 18715 | Lair:5   | Entered Level 5 of the Lair of Beasts
 18860 | Lair:5   | Reached skill level 15 in Fighting
 19532 | Lair:5   | Reached XP level 14. HP: 85/135 MP: 8/13
 19843 | Lair:5   | Got Zajudau's Incunable of Arcane Weapons
 21033 | Lair:5   | Reached skill level 5 in Dodging
 21038 | Lair:5   | Reached skill level 15 in Shields
 21143 | Lair:5   | Identified the ring "Toipar" {rN+ Will+++ Str-4 Dex+4}
 22151 | Lair:1   | Killed NinjaNoafa's ghost
 22486 | D:12     | Reached skill level 5 in Stealth
 23540 | D:13     | Reached XP level 15. HP: 45/147 MP: 4/14
 24045 | D:13     | Found a gate to the Vaults.
 24150 | D:13     | Found a transporter.
 24152 | D:13     | Noticed Cexuq's ghost (journeyman GrFi)
 24154 | D:13     | Found a bloodstained altar of Trog.
 24154 | D:13     | Found a transporter.
 24403 | D:13     | Identified the +0 leather armour of Whack-A-Mole {rF- rN++
                  | Regen+ Dex-5}
 26315 | D:15     | Entered Level 15 of the Dungeon
 26342 | D:15     | Found a staircase to the Depths.
 26343 | D:15     | Noticed an emperor scorpion
 26380 | D:15     | Killed an emperor scorpion
 27548 | D:15     | Noticed Rupert
 27564 | D:15     | Killed Rupert
 28938 | D:15     | Found a runed translucent door.
 28940 | D:15     | Noticed Ceh Rif's ghost (adept HuWn)
 29005 | D:15     | Killed Ceh Rif's ghost
 29522 | D:15     | Identified the +8 long sword "Nevvifai" {drain, Int+2}
 30004 | D:15     | Found an ornate altar of the Wu Jian Council.
 30180 | D:15     | Identified the +1 robe of Yseufix {+Blink rF+ Slay+3}
 30349 | Orc:1    | Entered Level 1 of the Orcish Mines
 30576 | Orc:2    | Entered Level 2 of the Orcish Mines
 30640 | Orc:2    | Found a staircase to the Elven Halls.
 30883 | Orc:2    | Noticed Donald
 30915 | Orc:2    | Slain by Donald

Illustrated notes

Levels and vault maps discovered:
D:1:      ncdulo_smallfort, layout_basic, minmay_misc_feat_room,
          kennysheep_another_room, minivault_26
D:2:      layout_loops_cross, hellmonk_ecumenical_altar_zigzags,
          nrook_loot_triangle, uniq_robin
D:3:      layout_loops_ring, uniq_jessica, uniq_terence
D:4:      black_bear_nest_2, layout_basic, serial_shops, shop,
          hellmonk_ghost_happy_afterlife, uniq_duvessa
D:5:      layout_layer_cave, grunt_temple_overflow_cloverleaf,
          minmay_temple_entry_antechambers, serial_glass, glass_columns_a,
          glass_columns_b, uniq_crazy_yiuf_cottage, uniq_edmund,
          uniq_blork_the_orc
D:6:      layout_loops_corners, serial_shops, shop, nrook_uturn,
          minmay_chambers_of_fives
D:7:      layout_cave_pools, minmay_manual_mares
D:8:      layout_cave_pools, serial_glass, glass_columns_b, glass_columns_c,
          lemuel_flame_loot_1, uniq_maggie
D:9:      layout_big_octagon, due_lair_maze_entry_diamond, orc_0_dummy
D:10:     layout_cave_pools, mainiacjoe_overflow_tiny_flanked, serial_rivers,
          chequers_serial_rivers_marsh, chequers_serial_rivers_micro_a,
          chequers_serial_rivers_large_a, chequers_serial_rivers_micro_d,
          chequers_serial_rivers_small_b, chequers_serial_rivers_micro_c,
          gammafunk_ghost_cemetery, uniq_harold
D:11:     layout_rooms, uniq_erolcha, uniq_maurice
D:12:     layout_layer_cave, portal_ice_cave_demonic_guard, minivault_28
D:13:     layout_layer_cave, grunt_vaults_entry_tiered,
          gammafunk_ghost_wrathful_warriors
D:14:     layout_stronghold, minmay_holes
D:15:     hangedman_depths_entry_try_elsewhere_first, layout_long_grid,
          nicolae_wu_jian_wuxing_cycle, ebering_ghost_reflecting_pool,
          uniq_rupert
Temple:   hellmonk_temple_divided_pantheon
Lair:1:   layout_gridlike, ebering_ghost_inner_flame, grunt_megastairs_3
Lair:2:   layout_layer_cave, minmay_shoals_entry_centaurs, serial_bayou_shore_a,
          grunt_megastairs_1
Lair:3:   layout_cave_shapes, spider_nest_entry_rubble, basic_altar
Lair:4:   layout_roguey, dpeg_slime_entry_enclosed, lemuel_fruit_fields
Lair:5:   evilmike_catoblepas_cave, layout_regular_city
Orc:1:    layout_caves, gammafunk_ghost_split, serial_shops, shop,
          kennysheep_orc_chapel
Orc:2:    grunt_orc_community_town_hall, layout_caves,
          grunt_orc_community_big_house_2, grunt_orc_community_big_house_1,
          grunt_orc_community_house_2, grunt_orc_community_house_2,
          grunt_orc_community_house_1, grunt_orc_community_house_3,
          grunt_orc_community_house_1, uniq_sonja, uniq_snorg, uniq_donald

Skill      XL: |  1  2  3  4  5  6  7  8  9 10 11 12 13 14 15 |
---------------+----------------------------------------------+-----
Armour         | 4 5 6 7 9 10 12 14 15 16 18 | 18.0
Shields        | 4 5 8 9 11 13 14 15 17 | 17.2
Fighting       | 4 5 6 8 10 12 13 15 17 18 | 18.4
Long Blades    | 3 4 5 7 9 10 | 10.0
Dodging        | 1 2 3 4 5 |  5.7
Stealth        | 1 2 4 5 6 |  6.0
Maces & Flails | 1 5 |  5.3
Evocations     | 2 |  2.9

Action                   |  1- 3 |  4- 6 |  7- 9 | 10-12 | 13-15 || total
-------------------------+-------+-------+-------+-------+-------++-------
Melee: Long sword        |   103 |   122 |   219 |    50 |       ||   494
       Headbutt          |    16 |    21 |    54 |   122 |   300 ||   513
       Whip              |       |       |    36 |     6 |       ||    42
       Scimitar          |       |       |       |   487 |  1143 ||  1630
Invok: Call Merchant     |       |       |       |     1 |     1 ||     2
       Potion Petition   |       |       |       |     1 |     7 ||     8
Evoke: Wand              |       |       |       |    15 |     9 ||    24
       Phial of floods   |       |       |       |       |     1 ||     1
  Use: Scroll            |     5 |     5 |     4 |    13 |     6 ||    33
       Potion            |       |     3 |     1 |     2 |    13 ||    19
 Stab: Distracted        |       |       |       |     3 |    12 ||    15
       Invisible         |       |       |       |       |     8 ||     8
Armor: Scale mail        |    45 |    61 |       |       |       ||   106
       Plate armour      |       |    50 |   123 |   329 |   667 ||  1169
       Skin              |       |       |       |       |    84 ||    84
Dodge: Dodged            |    58 |    40 |   129 |   307 |   399 ||   933
Block: Buckler           |    20 |    19 |    53 |   217 |   532 ||   841

Table legend: (Time is in decaauts)
 A = Elapsed time spent in this place.
 B = Non-inter-level travel time spent in this place.
 C = Inter-level travel time spent in this place.
 D = Time resting spent in this place.
 E = Time spent auto-exploring this place.
 F = Levels seen in this place.
 G = Mean time per level.
                   A        B        C        D        E       F      G
               +--------+--------+--------+--------+--------+-----+--------+
         Total |  30843 |  29886 |    957 |   9752 |  14788 |  23 | 1341.0 |
       Dungeon |  20575 |  19836 |    739 |   6033 |  10336 |  15 | 1371.7 |
        Temple |     68 |     68 |      0 |      0 |      0 |   1 |   68.0 |
          Lair |   9645 |   9430 |    215 |   3718 |   4109 |   5 | 1929.0 |
  Orcish Mines |    554 |    551 |      3 |      0 |    343 |   2 |  277.0 |
               +--------+--------+--------+--------+--------+-----+--------+

Top non-repeatable levels by time:
    D:15: 3862 daAuts
  Lair:5: 3240 daAuts
  Lair:4: 2612 daAuts
     D:4: 2142 daAuts
    D:13: 1830 daAuts
  Lair:2: 1526 daAuts
    D:11: 1522 daAuts
     D:5: 1375 daAuts
  Lair:1: 1349 daAuts
     D:1: 1262 daAuts
    D:14: 1257 daAuts
     D:6: 1172 daAuts
    D:10: 1162 daAuts
     D:3: 1062 daAuts
    D:12: 1006 daAuts
